 Dungeon Crawl Stone Soup version 0.18.1-47-g9310371 (webtiles) character file.

53 rftp080 the Slasher (level 4, -2/33 HPs)
             Began as a Human Gladiator on June 20, 2016.
             Succumbed to a goblin's poison
             ... on level 2 of the Dungeon.
             The game lasted 00:03:36 (1448 turns).

rftp080 the Slasher (Human Gladiator)               Turns: 1448, Time: 00:03:37

Health: -2/33      AC: 10    Str: 17    XL:     4   Next: 11%
Magic:  4/4        EV:  8    Int:  8    God:
Gold:   90         SH:  0    Dex: 13    Spells: 0 memorised, 3 levels left

rFire  . . .     SeeInvis .     a - +0 long sword
rCold  . . .     Gourm    .     k - +0 chain mail (curse)
rNeg   . . .     Faith    .     (no shield)
rPois  .         Spirit   .     c - +0 helmet
rElec  .         Dismiss  .     o - +0 cloak
rCorr  .         Reflect  .     (no gloves)
SustAt .         Harm     .     (no boots)
MR     .....                    (no amulet)
Stlth  ..........               (no ring)
                                (no ring)

@: lethally poisoned (-2 -> -34), not resistant to hostile enchantments,
extremely unstealthy
A: no striking features
a: no special abilities


You were on level 2 of the Dungeon.
You were hungry.

You visited 1 branch of the dungeon, and saw 2 of its levels.

You collected 90 gold pieces.

Inventory:

Hand Weapons
 a - a +0 long sword (weapon)
 q - a cursed -1 glaive
Missiles
 d - 3 throwing nets (quivered)
 g - 52 stones
Armour
 b - a +0 leather armour
 c - a +0 helmet (worn)
 k - a cursed +0 chain mail (worn)
 o - a +0 cloak (worn)
Jewellery
 j - an uncursed ring of positive energy {unknown}
 p - an uncursed ring of positive energy {unknown}
Scrolls
 h - a scroll of identify
 i - a scroll of magic mapping
Potions
 m - 3 potions of degeneration
 n - 2 potions of brilliance
Comestibles
 f - a bread ration
 l - 6 fruits


   Skills:
 - Level 2.0 Fighting
 * Level 4.3 Long Blades
 - Level 2.0 Throwing
 + Level 1.3 Armour
 - Level 3.0 Dodging


You had 3 spell levels left.
You didn't know any spells.

Dungeon Overview and Level Annotations

Branches:
Dungeon (2/15)

Altars:
Pakellas
The Shining One

Shops:
D:2 }

Annotations:
D:2 Ijyb, Sigmund


Message History

* * * LOW HITPOINT WARNING * * *
You feel very sick. Ijyb closely misses you.
The goblin unwields an uncursed hunting sling.
The goblin wields an uncursed club.
The goblin hits you but does no damage. x2
You closely miss Ijyb.
Ijyb is moderately wounded.
* * * LOW HITPOINT WARNING * * *
You feel sick. The goblin hits you but does no damage.
Ijyb hits you but does no damage.
The goblin hits you but does no damage. x4
Unknown command.
You hit Ijyb but do no damage.
Ijyb is moderately wounded.
* * * LOW HITPOINT WARNING * * *
You feel sick. The goblin hits you but does no damage.
You are more poisoned.
Ijyb barely misses you.
The goblin hits you but does no damage. x3
You hit Ijyb.
Ijyb is severely wounded.
You die...

############
....##.....##
............##
.............###########
.............##........#
.............##g@g.....#
.............##ggg.....#
.............##........#
.............##........#
............###....)...#
..).......#########....#
..##....###,8.8.8.8.####
#.###.#.# *,.........###
#.###.#.###,...g.g..(..##


You could see Ijyb and 4 goblins.

Vanquished Creatures
  An adder (D:2)
  3 dart slugs
  2 giant geckos (D:1)
  2 giant cockroaches (D:1)
  7 goblins
  3 hobgoblins (D:1)
  3 bats
  3 giant newts
  9 kobolds
  2 rats
35 creatures vanquished.

Vanquished Creatures (others)
  A giant gecko (D:2)
1 creature vanquished.

Grand Total: 36 creatures vanquished

Notes
Turn   | Place    | Note
--------------------------------------------------------------
     0 | D:1      | rftp080 the Human Gladiator began the quest for the Orb.
     0 | D:1      | Reached XP level 1. HP: 16/16 MP: 1/1
    58 | D:1      | Reached XP level 2. HP: 22/22 MP: 2/2
   526 | D:1      | Reached XP level 3. HP: 27/27 MP: 3/3
   730 | D:1      | Reached skill level 1 in Armour
   846 | D:2      | Reached skill level 4 in Long Blades
   913 | D:2      | Found a glowing golden altar of the Shining One.
   915 | D:2      | Noticed an angel
   919 | D:2      | Noticed Sigmund
  1269 | D:2      | Reached XP level 4. HP: 29/33 MP: 4/4
  1380 | D:2      | Found an oddly glowing altar of Pakellas.
  1380 | D:2      | Found Pakellas's Prime Provisions.
  1427 | D:2      | Noticed Ijyb
  1447 | D:2      | HP: 1/33 [poisoned by a goblin]
  1448 | D:2      | Succumbed to a goblin's poison

Skill      XL: |  1  2  3 |
---------------+----------+-----
Armour         | 1 |  1.3
Long Blades    | 4 |  4.3
Fighting       | |  2.0
Throwing       | |  2.0
Dodging        | |  3.0

Action                   |  1- 3 |  4- 6 || total
-------------------------+-------+-------++-------
Melee: Long sword        |    94 |    13 ||   107
  Use: Scroll            |     2 |     3 ||     5
 Stab: Sleeping          |     1 |       ||     1
  Eat: Chunk             |     1 |       ||     1
Armor: Leather armour    |     5 |       ||     5
       Chain mail        |    65 |    17 ||    82
Dodge: Dodged            |    44 |    14 ||    58
